AoeStats
← CharlesV

Arena

509356311Analyzed
1v1 RM · 7d ago on Sep 26, 2026· 20m 10s· 2 players
Game mode
Random Map
Map size
Tiny (2 player)
Population
200
Speed
Normal
Resources
Standard
Victory
Conquest
Starting age
Dark Age
Ending age
Imperial Age
RankedLock teamsTeams togetherTeam positionsShared explorationLock speedFull tech treeHidden civsTurbo modeCheats
Victory
Defeat
🇦🇷 Vietnamese · Argentina
1189
+17
🇨🇳 Burgundians · China
1204
-17
CharlesV
6:55 Loom
10:17 Feudal Age
14:09 Castle Age
13:38 Double-Bit Axe
17:08 Wheelbarrow
843041757
5:02 Double-Bit Axe
11:08 Feudal Age
10:43 Horse Collar
15:31 Castle Age
14:24 Bow Saw
15:41 Light Cavalry
17:16 Wheelbarrow
Connection lost

Rejoining the realm…

Still unreachable

The connection could not be restored.

Session expired

The server has moved on; the page needs a fresh start.